 Dungeon Crawl Stone Soup version 0.27-a0-909-g0721f309d1 (webtiles) character file.

Game seed: 15234014443227243732

128 Alarkh the Insei (level 4, -1/35 HPs)
             Began as a Demonspawn Gladiator on Apr 8, 2021.
             Slain by a black bear (5 damage)
             ... on level 4 of the Dungeon.
             The game lasted 00:02:21 (2217 turns).

Alarkh the Insei (Demonspawn Gladiator)             Turns: 2217, Time: 00:02:21

Health: -1/35      AC:  4    Str: 11 (14) XL:     4   Next: 87%
Magic:  4/4        EV: 14    Int:  7 (10) God:
Gold:   216        SH:  0    Dex: 12 (15) Spells: 3/3 levels left

rFire    . . .     SeeInvis .     - Unarmed
rCold    . . .     Faith    .   (no shield)
rNeg     + . .     Spirit   .   a - +0 leather armour
rPois    .         Reflect  .   b - +0 helmet
rElec    .         Harm     .   (no cloak)
rCorr    .         Rampage  .   (no gloves)
Will     .....                  (no boots)
Stlth    +.........             d - amulet of regeneration
HPRegen  1.11/turn              e - ring of positive energy
MPRegen  0.09/turn              (no ring)

@: brilliant, attractive
A: repulsion field 1
a: no special abilities


You were on level 4 of the Dungeon.
You visited 1 branch of the dungeon, and saw 4 of its levels.

You collected 216 gold pieces.

Inventory:

Missiles
 c - 6 throwing nets (quivered)
 o - 16 poisoned darts
Armour
 a - a +0 leather armour (worn)
 b - a +0 helmet (worn)
Magical Staves
 j - a staff of death
Jewellery
 d - an amulet of regeneration (around neck)
 e - a ring of positive energy (left hand)
Scrolls
 g - a scroll of blinking {unknown}
 h - 5 scrolls of identify {unknown}
 k - 2 scrolls of magic mapping {unknown}
 n - a scroll of vulnerability {unknown}
 p - a scroll of torment {unknown}
 q - a scroll of summoning {unknown}
Potions
 l - a potion of degeneration


   Skills:
 + Level 3.2 Fighting
 - Level 1.7 Throwing
 - Level 2.6 Dodging
 * Level 4.5 Unarmed Combat


You had 3 spell levels left.
You didn't know any spells.
Your spell library contained the following spells:

 Spells                   Type           Power      Damage    Failure   Level
 Corona                   Hex            0%         N/A       52%         1
 Ensorcelled Hibernation  Hex/Ice        0%         N/A       67%         2
 Confusing Touch          Hex            0%         N/A       88%         3
 Dazzling Flash           Conj/Hex       0%         N/A       88%         3
 Tukima's Dance           Hex            0%         N/A       88%         3


Dungeon Overview and Level Annotations

Branches:
Dungeon (4/15)
 Temple: D:4-7

Altars:

Shops:
D:1 (


Innate Abilities, Weirdness & Mutations

You are surrounded by a mild repulsion field. (EV +2)


Message History

There was something very wrong with that liquid.
You feel weakened.
You feel dopey.
You feel clumsy. The black bear closely misses you.
The black bear completely misses you. The black bear misses you.
You hit the black bear but do no damage.
The black bear is severely wounded.
The black bear barely misses you. The black bear claws you.
The black bear closely misses you. The black bear bites you!
* * * LOW HITPOINT WARNING * * *
The black bear closely misses you.
The black bear claws you but does no damage.
You hear an angry hiss.
It was a potion of brilliance.
You feel clever all of a sudden. The black bear barely misses you.
The black bear closely misses you. The black bear barely misses you.
It was a potion of attraction.
You feel attractive to monsters.
The black bear completely misses you. x2; The black bear claws you.
* * * LOW HITPOINT WARNING * * *
The black bear misses you. The black bear completely misses you.
The black bear claws you but does no damage.
It was a potion of heal wounds.
You feel much better. The black bear barely misses you.
The black bear completely misses you. The black bear closely misses you.
You hit the black bear but do no damage.
The black bear is severely wounded.
The black bear bites you. The black bear claws you. x2
The black bear closely misses you. The black bear claws you.
The black bear barely misses you.
You hit the black bear but do no damage.
The black bear is severely wounded.
The black bear bites you!
* * * LOW HITPOINT WARNING * * *
The black bear misses you. The black bear closely misses you.
The black bear rages.
The black bear misses you. The black bear closely misses you.
The black bear claws you.
You die...

.. .# #.# .## ... ..
#.# .. #.# .# # #.#
.# ##.#.###.###
##.###..#.h.....#
.........@##.##.#
##..##.##.#...#...
....#..(#........#
#...........#.##
#.#...#..#.##.#
##.##.##......... .
#...............## #
###..###.##.#..#...#
.........#..........


You could see a black bear (berserk).

Vanquished Creatures
  7 gnolls (D:3)
  A dart slug (D:3)
  4 ball pythons
  3 bats (D:3)
  5 endoplasms
  5 goblins
  3 hobgoblins
  12 jackals
  5 kobolds
  4 quokkas
  3 frilled lizards
  4 rats
56 creatures vanquished.

Vanquished Creatures (others)
  2 plants (D:1)
2 creatures vanquished.

Grand Total: 58 creatures vanquished

Notes
Turn   | Place    | Note
-------+----------+-------------------------------------------
     0 | D:1      | Alarkh the Demonspawn Gladiator began the quest for the
                  | Orb.
     0 | D:1      | Reached XP level 1. HP: 16/16 MP: 1/1
    19 | D:1      | Found Tynoskis's Antique Weapon Shop.
    46 | D:1      | Found a faded altar of an unknown god.
   144 | D:1      | Reached skill level 3 in Unarmed Combat
   162 | D:1      | Gained mutation: You are surrounded by a mild repulsion
                  | field. (EV +2) [demonic ancestry]
   162 | D:1      | Reached XP level 2. HP: 21/22 MP: 2/2
   929 | D:2      | Reached XP level 3. HP: 28/28 MP: 3/3
  1627 | D:3      | Reached skill level 4 in Unarmed Combat
  1627 | D:3      | Reached XP level 4. HP: 33/34 MP: 4/4
  2192 | D:4      | Noticed a black bear
  2217 | D:4      | Slain by a black bear

Illustrated notes

Levels and vault maps discovered:
D:1:      scummos_arrival_simple_crosswalls, layout_rooms,
          shapermc_ecumenical_altar_flowoftime, serial_shops,
          nicolae_shop_crystal, corexii_corridor_pit, kennysheep_crisscross,
          serial_bayou_lake_a
D:2:      layout_basic
D:3:      layout_loops_ring
D:4:      layout_loops_ring, hangedman_decor_growths, corexii_leaking_fountain,
          hangedman_decor_clover_reticule, minmay_puff

Skill      XL: |  1  2  3  4 |
---------------+-------------+-----
Unarmed Combat | 3 4 |  4.5
Fighting       | 3 |  3.2
Throwing       | |  1.7
Dodging        | |  2.6

Action                   |  1- 3 |  4- 6 || total
-------------------------+-------+-------++-------
Melee: Unarmed           |   184 |    89 ||   273
       Punch             |       |     2 ||     2
  Use: Potion            |       |     4 ||     4
Armor: Leather armour    |    51 |    25 ||    76
Dodge: Dodged            |   140 |    88 ||   228

Table legend: (Time is in decaauts)
 A = Elapsed time spent in this place.
 B = Non-inter-level travel time spent in this place.
 C = Inter-level travel time spent in this place.
 D = Time resting spent in this place.
 E = Time spent auto-exploring this place.
 F = Levels seen in this place.
 G = Mean time per level.
                   A        B        C        D        E       F      G
               +--------+--------+--------+--------+--------+-----+--------+
         Total |   2211 |   2147 |     64 |      2 |   1664 |   4 |  552.8 |
       Dungeon |   2211 |   2147 |     64 |      2 |   1664 |   4 |  552.8 |
               +--------+--------+--------+--------+--------+-----+--------+

Top non-repeatable levels by time:
     D:2: 763 daAuts
     D:3: 688 daAuts
     D:1: 637 daAuts
     D:4: 121 daAuts
